 Dungeon Crawl Stone Soup version 0.15.2 (webtiles) character file.

156 RottenBandages the Insei (level 5, -9/41 HPs)
             Began as a Mummy Monk on Nov 1, 2015.
             Mangled by an ogre
             ... wielding a +0 giant club
              (24 damage)
             ... on Level 4 of the Dungeon.
             The game lasted 00:03:09 (2895 turns).

RottenBandages the Insei (Mummy Monk)               Turns: 2895, Time: 00:03:10

HP  -9/41        AC  6     Str 14      XL: 5   Next: 15%
MP   5/5         EV  9     Int  9      God:
Gold 154         SH  0     Dex 15      Spells:  0 memorised,  4 levels left

rFire  x . .     SeeInvis .       - Unarmed
rCold  + . .     Clarity  .     k - +0 ring mail
rNeg   + + +     rCorr    .     (no shield)
rPois  +         rRot     +     (no helmet)
rElec  .         Spirit   .     c - +0 cloak
SustAb .         Warding  .     (no gloves)
rMut   .         Stasis   .     (no boots)
Gourm  .                        h - amulet of faith {!P}
MR     .....                    (no ring)
                                (no ring)

@: not resistant to hostile enchantments, very unstealthy
A: no food or potions, fire vulnerability, restore body, cold resistance 1,
negative energy resistance 3, poison resistance, torment resistance, unbreathing
a: no special abilities


You were on level 4 of the Dungeon.
You were not hungry.

You visited 1 branch of the dungeon, and saw 4 of its levels.

You collected 154 gold pieces.


Innate Abilities, Weirdness & Mutations

You do not eat or drink.
Your flesh is vulnerable to fire.
Your flesh is cold resistant.
You are immune to negative energy.
Your system is resistant to poisons.
You are immune to unholy pain and torment.
You can survive without breathing.


   Skills:
 - Level 3.0 Fighting
 - Level 2.4 Dodging
 - Level 1.5 Stealth
 + Level 5.4 Unarmed Combat


You had 4 spell levels left.
You didn't know any spells.

Inventory:

Armour
 a - a +0 robe
 c - a +0 cloak (worn)
 k - a +0 ring mail (worn)
Scrolls
 b - 6 scrolls of noise {unknown}
 d - 2 scrolls of fog {unknown}
 e - 6 scrolls of identify {unknown}
 f - 3 scrolls of remove curse {unknown}
 g - a scroll of blinking {unknown}
 i - a scroll of recharging {unknown}
 j - 3 scrolls of immolation {unknown}
Jewellery
 h - an amulet of faith (around neck) {!P}

Dungeon Overview and Level Annotations

Branches:
Dungeon (4/15)
 Temple: D:4-7

Altars:
Fedhas
Makhleb
Zin

#.. ..# #########.#
..........#
..........#
>..........+
...........#
.#########O#
########M# #........#
#........#.#
#........#.# .
#........#.# .#
#........#.####..
#................
+.........####.### ##.
####.........##.....##
....


You could see an ogre.


Message History

No target in view!
b - 6 scrolls labeled GIYSMO DEFFU (gained 2)
You now have 154 gold pieces (gained 13).
An ogre comes into view. It is wielding a giant club.
The ogre shouts!
An ogre is nearby!
An ogre is nearby!
An ogre is nearby!
Found a stone staircase leading down.
You hit the ogre.
The ogre is lightly wounded.
The ogre hits you with a giant club!!
Ouch! That really hurt!
* * * LOW HITPOINT WARNING * * *
You hit the ogre.
The ogre is moderately wounded.
The ogre barely misses you.
You hit the ogre.
The ogre is moderately wounded.
You hit the ogre.
The ogre is heavily wounded.
The ogre closely misses you.
You barely miss the ogre.
The ogre is heavily wounded.
The ogre hits you but does no damage.
You punch the ogre!
The ogre is almost dead.
The ogre hits you with a giant club!!
Ouch! That really hurt!
You die...

Action                   |  1- 3 |  4- 6 || total
-------------------------+-------+-------++-------
Melee: Unarmed           |   184 |   133 ||   317
 Stab: Distracted        |     1 |       ||     1

Vault maps used:
D:1:      shiori_shiawase
D:2:      lemuel_flame_loot_1
D:3:      grunt_temple_overflow_order_and_chaos_2
D:4:      old_standard_altar, first_bread

Notes
Turn   | Place    | Note
--------------------------------------------------------------
     0 | D:1      | RottenBandages, the Mummy Monk, began the quest for the Orb.
     0 | D:1      | Reached XP level 1. HP: 18/18 MP: 1/1
   387 | D:1      | Reached XP level 2. HP: 13/24 MP: 2/2
   662 | D:1      | Reached skill level 4 in Unarmed Combat
   701 | D:1      | Reached XP level 3. HP: 13/29 MP: 3/3
  1581 | D:2      | Reached XP level 4. HP: 16/35 MP: 4/4
  2517 | D:3      | Reached skill level 5 in Unarmed Combat
  2677 | D:3      | Found a burning altar of Makhleb.
  2691 | D:3      | Found a glowing silver altar of Zin.
  2691 | D:3      | Noticed an angel
  2692 | D:3      | Noticed a green death
  2811 | D:4      | Reached XP level 5. HP: 36/41 MP: 5/5
  2836 | D:4      | Found a blossoming altar of Fedhas.
  2884 | D:4      | Noticed an ogre
  2895 | D:4      | Mangled by an ogre

Vanquished Creatures
  A hound (D:4)
  2 adders
  A giant mite (D:1)
  A worm (D:2)
  An ooze (D:2)
  10 orcs
  2 ball pythons
  11 goblins
  7 hobgoblins
  4 jackals (D:1)
  13 bats
  2 giant cockroaches
  2 giant geckos
  2 giant newts (D:1)
  6 kobolds
  13 rats
78 creatures vanquished.
